Map: 2000 Atmospheres LE

Players

JohnnyRico

  • Race: Terran Terran
  • League: Gold

Kickboyface - Winner!

  • Race: Protoss Protoss
  • League: Platinum

VOD

Have the link to the VOD?

Description

Time

  • Played on: March 5, 2022, 9:35 p.m.
  • Length: 19:18
Show
View Real Time Build Order
Export as new Build Order

JohnnyRico Terran 

Build Orders:  

Get SALT Encoding   

  12  0:06  SCV  
  13  0:18  SCV  
  14  0:24  Supply Depot  
  14  0:30  SCV  
  15  0:41  Refinery  
  15  0:46  SCV  
  15  0:49  Barracks  
  16  0:58  SCV  
  17  1:12  Refinery  
  17  1:15  Engineering Bay  
  17  1:21  Supply Depot  
  17  1:23  SCV  
  18  1:39  Supply Depot  
  18  1:48  Barracks Tech Lab  
  18  2:01  Supply Depot  
  18  2:07  Orbital Command  
  18  2:14  Factory  
  18  2:37  SCV  
  19  2:49  SCV  
  20  3:01  SCV  
  20  3:03  Command Center  
  21  3:10  Starport  
  21  3:13  SCV  
  21  3:14  Factory Tech Lab  
  22  3:25  SCV  
  23  3:38  SCV  
  24  3:49  Starport Tech Lab  
  24  3:50  SCV  
  24  3:53  Fusion Core  
  25  3:59  Armory  
  25  4:02  SCV  
  26  4:13  Terran Infantry Weapons Level 1  
  26  4:14  SCV  
  27  4:23  Orbital Command  
  27  4:26  SCV  
  28  4:38  Refinery, SCV  
  29  4:49  Refinery  
  29  4:50  SCV  
  30  4:55  Missile Turret  
  30  4:56  SCV  
  31  5:02  SCV  
  32  5:08  SCV  
  33  5:14  SCV  
  33  5:15  Siege Tank  
  33  5:20  SCV  
  38  5:24  Missile Turret  
  38  5:26  SCV  
  39  5:30  Weapon Refit  
  39  5:33  SCV, Terran Ship Weapons Level 1  
  40  5:39  SCV  
  40  5:40  Stimpack  
  40  5:42  Marine  
  42  5:45  SCV  
  43  5:51  SCV  
  43  5:54  Missile Turret  
  43  5:55  Siege Tank  
  47  5:57  SCV  
  47  6:00  Marine  
  47  6:03  SCV  
  50  6:09  SCV  
  51  6:15  SCV  
  51  6:18  Marine  
  53  6:20  Missile Turret  
  53  6:21  SCV  
  54  6:27  SCV  
  54  6:31  Battlecruiser  
  61  6:33  SCV  
  61  6:36  Starport  
  62  6:44  Supply Depot  
  62  6:45  Supply Depot x2  
  62  6:50  Terran Infantry Armor Level 1  
  62  7:05  SCV x2, Marine  
  65  7:14  Missile Turret  
  65  7:17  SCV  
  67  7:23  Marine  
  67  7:28  Terran Vehicle And Ship Armor Level 1  
  68  7:30  Starport Tech Lab, SCV  
  68  7:38  Factory  
  68  7:41  Marine  
  68  7:42  SCV  
  70  7:48  Battlecruiser  
  76  7:58  Supply Depot  
  76  7:59  Marine  
  76  8:01  Supply Depot  
  76  8:03  Supply Depot  
  77  8:16  Marine  
  78  8:21  Barracks  
  78  8:23  Barracks  
  78  8:25  Factory Tech Lab  
  78  8:34  Marine  
  79  8:44  Terran Infantry Weapons Level 2  
  79  8:52  Marine  
  80  9:20  Command Center  
  80  9:22  Terran Vehicle Weapons Level 1  
  80  9:25  Barracks  
  79  9:31  Command Center  
  79  9:43  Barracks Reactor  
  79  9:46  Barracks Reactor  
  79  10:09  Armory  
  79  10:10  Command Center  
  79  10:25  Marauder, Marine x4  
  79  10:26  Marine  
  86  10:42  Supply Depot  
  86  10:43  Marine x5  
  86  10:46  Marauder  
  93  10:57  Terran Vehicle And Ship Armor Level 2  
  93  11:00  Terran Infantry Armor Level 2  
  93  11:01  Marine x5  
  98  11:05  Supply Depot  
  98  11:07  Marauder  
  100  11:16  Terran Ship Weapons Level 2  
  100  11:18  Marine  
  100  11:19  Marine x4  
  100  11:25  Battlecruiser x2  
  117  11:26  Missile Turret  
  117  11:29  Starport, Supply Depot, Marauder  
  119  11:38  Refinery  
  119  11:41  Orbital Command  
  119  11:44  Orbital Command  
  119  11:47  Refinery  
  119  11:50  Refinery, Marauder  
  119  11:52  Supply Depot  
  121  11:54  Orbital Command  
  121  11:55  Refinery  
  121  11:58  Missile Turret  
  121  12:06  Refinery  
  121  12:17  Starport Tech Lab  
  121  12:18  Supply Depot  
  121  12:21  Refinery  
  121  12:23  Barracks Reactor  
  121  12:29  Missile Turret  
  121  13:03  Supply Depot  
  121  13:14  Terran Vehicle And Ship Armor Level 3  
  121  13:16  Terran Infantry Weapons Level 3  
  121  13:18  Combat Shield  
  121  13:31  Terran Vehicle Weapons Level 2, Battlecruiser  
  121  13:32  Battlecruiser x2  
  139  13:50  Starport  
  139  14:02  SCV  
  140  14:14  SCV  
  140  14:26  SCV  
  140  14:31  Starport Tech Lab  
  141  14:36  Concussive Shells, Battlecruiser  
  147  15:18  Battlecruiser x3  
  165  15:24  Starport  
  165  15:39  Starport  
  165  15:40  Battlecruiser  
  171  15:53  Hi-Sec Auto Tracking  
  171  15:57  Terran Ship Weapons Level 3  
  171  16:01  Terran Vehicle Weapons Level 3  
  171  16:11  Starport Tech Lab  
  170  16:22  Battlecruiser x2  
  170  16:23  Battlecruiser  
  181  16:39  Battlecruiser  
  187  16:44  Battlecruiser  
  105  17:10  Marine  
  105  17:11  Marine x5  
  105  17:12  Marine  
  105  17:15  Thor x2  
  112  17:26  Battlecruiser  
  112  17:27  Battlecruiser  
  112  17:28  Marine  
  112  17:29  Marine x3  
  75  18:00  Siege Tank  
  75  18:02  Marine x3  
  75  18:03  Marine  
  65  18:15  Viking x4  
  66  18:20  Marine x3  
  62  18:27  Marine  
  62  18:30  Viking  
  62  18:31  Viking  
  64  18:38  Marine x2  
  60  18:45  Viking x2  
  49  18:56  Marine  
Show
View Real Time Build Order
Export as new Build Order

Kickboyface Protoss - Winner!

Build Orders: Double Forge 

Get SALT Encoding   

  12  0:00  Probe  
  13  0:12  Probe  
  14  0:19  Pylon  
  14  0:25  Probe  
  15  0:41  Gateway  
  15  0:46  Probe  
  15  0:48  Assimilator  
  16  1:03  Probe  
  17  1:13  Gateway  
  17  1:16  Probe  
  18  1:35  Cybernetics Core  
  18  1:36  Zealot  
  18  1:39  Probe (Chrono Boost)  
  21  1:56  Probe  
  22  2:05  Pylon  
  22  2:11  Warp Gate (Chrono Boost)  
  22  2:13  Nexus  
  22  2:18  Probe  
  23  2:23  Zealot  
  23  2:27  Pylon  
  25  2:34  Probe  
  25  2:36  Assimilator  
  26  2:39  Stalker  
  28  2:46  Probe  
  29  2:58  Forge  
  29  3:03  Robotics Facility  
  29  3:13  Probe (Chrono Boost)  
  29  3:17  Stalker  
  32  3:24  Probe (Chrono Boost)  
  33  3:31  Probe (Chrono Boost)  
  33  3:33  Probe (Chrono Boost)  
  35  3:38  Probe (Chrono Boost), Protoss Ground Weapons Level 1 (Chrono Boost)  
  37  3:42  Probe (Chrono Boost)  
  37  3:43  Probe (Chrono Boost)  
  38  3:55  Probe x2  
  40  3:58  Gateway  
  40  4:06  Gateway  
  40  4:15  Gateway  
  40  4:22  Pylon  
  40  4:23  Probe  
  41  4:27  Assimilator  
  41  4:29  Stalker  
  43  4:31  Sentry  
  43  4:32  Pylon  
  43  4:37  Probe  
  43  4:38  Probe  
  47  4:40  Observer  
  48  4:48  Pylon  
  48  4:54  Forge  
  48  4:56  Twilight Council  
  48  4:57  Zealot  
  48  4:59  Probe  
  51  5:00  Probe  
  52  5:11  Probe  
  52  5:12  Probe  
  54  5:29  Probe  
  54  5:32  Nexus  
  54  5:33  Stalker x2  
  54  5:35  Sentry  
  61  5:48  Protoss Ground Weapons Level 2 (Chrono Boost)  
  61  5:49  Probe, Protoss Ground Armor Level 1 (Chrono Boost)  
  62  5:56  Zealot x2  
  66  5:58  Probe  
  66  6:01  Probe  
  68  6:08  Pylon, Photon Cannon  
  68  6:17  Probe, Shield Battery  
  69  6:18  Probe  
  69  6:21  Shield Battery  
  69  6:24  Assimilator  
  70  6:27  Pylon  
  70  6:30  Pylon  
  70  6:33  Probe  
  70  6:39  Stalker  
  73  6:40  Stalker x2  
  77  6:55  Charge (Chrono Boost)  
  77  6:58  Templar Archives  
  77  7:00  Pylon  
  77  7:08  Assimilator  
  77  7:12  Assimilator  
  77  7:13  Probe (Chrono Boost)  
  78  7:16  Photon Cannon  
  78  7:18  Photon Cannon  
  78  7:20  Stalker  
  82  7:23  Probe x2 (Chrono Boost)  
  82  7:28  Probe (Chrono Boost)  
  83  7:30  Probe, Pylon  
  83  7:32  Immortal  
  83  7:36  Psionic Storm  
  88  7:39  Probe  
  88  7:40  Zealot  
  91  7:51  Probe  
  92  7:59  Photon Cannon  
  92  8:01  Photon Cannon  
  92  8:06  Probe, Nexus  
  92  8:09  Protoss Ground Weapons Level 3 (Chrono Boost)  
  93  8:15  Immortal  
  93  8:16  Stalker  
  93  8:18  Probe  
  100  8:28  Protoss Ground Armor Level 2 (Chrono Boost)  
  100  8:31  Probe (Chrono Boost)  
  102  8:42  Probe (Chrono Boost)  
  102  8:46  Probe (Chrono Boost)  
  103  8:52  Stargate  
  103  8:53  Robotics Bay  
  103  8:55  Pylon  
  103  9:01  Dark Shrine, Blink, Stalker  
  105  9:03  Stalker  
  105  9:05  Stalker  
  109  9:20  Pylon  
  109  9:23  Probe (Chrono Boost)  
  110  9:34  Probe (Chrono Boost)  
  110  9:36  Stalker  
  110  9:37  Stalker x2  
  110  9:38  Probe (Chrono Boost), Stalker  
  119  9:39  Stalker  
  119  9:45  Assimilator, Gateway  
  122  9:47  Gateway  
  122  9:48  Gateway  
  122  9:50  Probe  
  122  9:51  Assimilator  
  123  10:02  Probe x2, Pylon  
  125  10:07  Stargate  
  125  10:10  Fleet Beacon, High Templar  
  125  10:11  High Templar x2  
  131  10:14  Probe  
  131  10:15  Pylon  
  132  10:27  Protoss Air Weapons Level 1 (Chrono Boost)  
  132  10:41  Void Ray  
  132  10:49  High Templar  
  138  10:50  High Templar  
  139  11:12  Zealot x2  
  139  11:13  Zealot x2  
  139  11:14  Zealot  
  139  11:15  Zealot  
  151  11:25  Pylon, Protoss Ground Armor Level 3 (Chrono Boost)  
  151  11:27  Protoss Shields Level 1 (Chrono Boost)  
  151  11:32  Pylon  
  151  11:33  Carrier  
  151  11:34  Tempest  
  151  11:36  Pylon  
  162  12:01  Stargate  
  162  12:02  Stargate  
  162  12:03  Stargate  
  162  12:07  Photon Cannon  
  162  12:12  Photon Cannon  
  162  12:15  Photon Cannon  
  162  12:17  Shield Battery  
  162  12:18  Shield Battery  
  162  12:23  Pylon  
  162  12:26  Photon Cannon  
  162  12:28  Photon Cannon  
  162  12:31  Photon Cannon  
  162  12:32  Tempest  
  162  12:33  Photon Cannon  
  162  12:35  Photon Cannon  
  162  12:36  Photon Cannon  
  167  12:38  Stargate  
  167  12:39  Photon Cannon  
  167  12:41  Shield Battery  
  167  12:44  Carrier, Shield Battery  
  173  12:45  Carrier  
  173  12:46  Shield Battery  
  173  12:47  Pylon  
  173  12:50  Pylon  
  179  12:53  High Templar  
  179  12:55  Protoss Air Weapons Level 2 (Chrono Boost)  
  179  12:57  High Templar  
  183  13:00  Archon  
  183  13:02  Archon  
  183  13:04  Disruptor (Chrono Boost)  
  186  13:21  High Templar  
  186  13:24  Protoss Shields Level 2  
  188  13:36  Colossus (Chrono Boost)  
  194  13:59  Carrier  
  200  14:20  Nexus  
  200  14:39  Extended Thermal Lance  
  200  14:42  Shadow Stride  
  200  14:46  Resonating Glaives  
  200  15:39  Shield Battery x2  
  200  15:42  Shield Battery  
  200  15:43  Shield Battery  
  200  15:48  Photon Cannon  
  200  15:50  Pylon  
  200  15:51  Pylon  
  200  15:52  Pylon  
  200  15:55  Assimilator  
  200  15:56  Protoss Shields Level 3 (Chrono Boost)  
  200  15:57  Assimilator  
  200  16:02  Pylon  
  200  16:25  Photon Cannon  
  200  16:26  Protoss Air Weapons Level 3 (Chrono Boost), Photon Cannon  
  200  16:30  Photon Cannon  
  200  16:31  Photon Cannon  
  200  16:34  Photon Cannon  
  200  16:36  Photon Cannon  
  158  16:58  Stalker  
  158  16:59  Stalker x2  
  158  17:00  Stalker x3  
  158  17:01  Stalker  
  133  17:30  Tempest x2  
  133  17:31  Tempest  
  133  17:32  Tempest  
  133  17:33  Tempest x2  
  133  17:36  Immortal  
  167  17:39  High Templar x2  
  167  17:40  High Templar  
  167  17:41  High Templar x2  
  167  17:43  Stalker x2  
  152  18:15  Colossus  
  152  18:19  Gateway  
  156  18:20  Stalker x3  
  156  18:21  Zealot, Gateway  
  156  18:22  Stalker, Gateway x2  
  156  18:23  Stalker x2  
  176  18:47  Archon  
  174  18:49  Archon  
  161  19:04  Stalker  
  161  19:05  Stalker x4  
  161  19:06  Stalker  
  161  19:07  Stalker  
Tags
 
Add a new tag
Caveats
  • Supply blocks, unpowered buildings, or Contaminate may cause inaccurate times.
  • Supply counts are checked every 10 seconds.